 Dungeon Crawl Stone Soup version 0.23.1 (webtiles) character file.

Game seed: 24761973871087005

508 PentaManta the Ducker (level 7, -5/40 HPs)
             Began as a Kobold Hunter on Mar 17, 2019.
             Splashed by a jelly's acid (10 damage)
             ... on level 4 of the Dungeon.
             The game lasted 00:08:48 (3890 turns).

PentaManta the Ducker (Kobold Hunter)               Turns: 3890, Time: 00:08:49

Health: -5/40      AC: -4    Str: 12    XL:     7   Next: 42%
Magic:  7/7        EV: 17    Int: 12    God:
Gold:   239        SH:  0    Dex: 15    Spells: 6/6 levels left

rFire    . . .     SeeInvis .   b - +0 short sword
rCold    . . .     Gourm    .   (shield restricted)
rNeg     . . .     Faith    .   c - +1 leather armour
rPois    .         Spirit   .   (no helmet)
rElec    .         Reflect  .   (no cloak)
rCorr    .         Harm     .   (no gloves)
MR       .....                  (no boots)
Stlth    ++........             (no amulet)
HPRegen  0.13/turn              s - ring of stealth
MPRegen  0.10/turn              (no ring)

@: corroded, heavily drained
A: small, carnivore
a: no special abilities


You were on level 4 of the Dungeon.
You were near starving.

You visited 1 branch of the dungeon, and saw 6 of its levels.

You collected 239 gold pieces.

Inventory:

Hand Weapons
 a - a +2 hand crossbow
 b - a +0 short sword (weapon)
Armour
 c - a +1 leather armour (worn)
Jewellery
 r - an uncursed ring of positive energy {unknown}
 s - a ring of stealth (left hand)
Wands
 g - a wand of acid (3)
Scrolls
 i - a scroll of identify
 j - 3 scrolls of teleportation
 k - a scroll of magic mapping
 q - a scroll of remove curse
Potions
 e - a potion of degeneration {unknown}
 h - a potion of agility
 l - a potion of haste {unknown}
 n - 3 potions of curing
 o - a potion of invisibility {unknown}
 p - 3 potions of flight {unknown}
Comestibles
 f - 7 rations


   Skills:
 - Level 2.1(0.9) Fighting
 + Level 7.2(5.7) Crossbows
 * Level 7.4(5.9) Dodging
 - Level 1.3(0.1) Stealth


You had 6 spell levels left.
You didn't know any spells.
Your spell library contained the following spells:

 Spells                   Type           Power        Failure   Level  Hunger
 Magic Dart               Conj           #...         38%         1    ##.....
 Blink                    Tloc           N/A          54%         2    ###....
 Call Imp                 Summ           #.......     54%         2    ###....
 Slow                     Hex            #.......     54%         2    ###....
 Conjure Flame            Conj/Fire      #.......     77%         3    ####...
 Mephitic Cloud           Conj/Pois/Air  #.......     77%         3    ####...


Dungeon Overview and Level Annotations

Branches:
Dungeon (6/15)             Temple (0/1) D:5

Altars:
Dithmenos
Makhleb
Sif Muna
Uskayaw

Shops:
D:5 *:


Innate Abilities, Weirdness & Mutations

You are small and have problems with some larger weapons.
You are carnivorous and can eat meat at any time.


Message History

The centaur completely misses you.
The centaur wields a +0 shortbow.
The centaur shoots an arrow.
The arrow hits you.
There is a stone staircase leading up, spattered with blood here.
You see here 3 arrows.
The jelly hits you but does no damage.
The centaur unwields a +0 shortbow.
The centaur misses you.
You climb upwards.
There is a stone staircase leading down here.
You hit the jelly.
Your hands burn!
The jelly is moderately wounded.
The jelly hits you. The acid corrodes you!
You are splashed with acid!
* * * LOW HITPOINT WARNING * * *
You hit the jelly. The acid corrodes you!
Your hands burn!
* * * LOW HITPOINT WARNING * * *
The jelly is severely wounded.
The jelly hits you.
* * * LOW HITPOINT WARNING * * *
You are splashed with acid!
You die...

#..###'######.......)............
#........#..#...8.......8........
#........#..#....................
###.##.###..#...8...[...8........
###.##+###..##...............####
..#....#.....#.....#.........#...
..#....'.....#.....+....+....'...
.##....#.....#.....#....#....#...
.##....#.....#..@..#....#....####
.##รท...#######...J.#....#........
.##....#...........#....#........
.##....#...........#....#........
.##....#......######....#####....
..'....#......#...########..#....
.#######......#...##....##..#....
.##....#......#...##....###'#....
###....#......#...##....#........


You could see a jelly.

Vanquished Creatures
  Sigmund (D:2)
  A howler monkey (D:5)
  A bullfrog zombie (D:3)
  A hound (D:5)
  Crazy Yiuf (D:2)
  3 worker ants
  7 adders
  2 oozes (D:1)
  An adder skeleton (D:5)
  A worm (D:2)
  A dart slug (D:4)
  3 orcs
  6 bats
  5 giant cockroaches
  4 goblins (D:3)
  3 hobgoblins (D:3)
  9 jackals
  A ball python (D:3)
  3 frilled lizards
  A giant cockroach zombie (D:5)
  4 kobolds
  13 rats
72 creatures vanquished.

Notes
Turn   | Place    | Note
-------+----------+-------------------------------------------
     0 | D:1      | PentaManta the Kobold Hunter began the quest for the Orb.
     0 | D:1      | Reached XP level 1. HP: 12/12 MP: 1/1
    41 | D:1      | Reached skill level 5 in Crossbows
    41 | D:1      | Reached XP level 2. HP: 17/17 MP: 2/2
   690 | D:2      | Reached XP level 3. HP: 19/21 MP: 3/3
   935 | D:2      | Found a runed translucent door.
   936 | D:2      | Noticed Crazy Yiuf
  1117 | D:2      | Reached XP level 4. HP: 26/26 MP: 4/4
  1239 | D:2      | Noticed Sigmund
  1245 | D:2      | Killed Sigmund
  1245 | D:2      | Reached skill level 5 in Dodging
  1245 | D:2      | Reached XP level 5. HP: 30/30 MP: 5/5
  1245 | D:2      | Reached XP level 6. HP: 35/35 MP: 6/6
  1413 | D:2      | Killed Crazy Yiuf
  2327 | D:3      | Found a deep blue altar of Sif Muna.
  2327 | D:3      | Found a burning altar of Makhleb.
  2658 | D:4      | Reached XP level 7. HP: 40/40 MP: 7/7
  2705 | D:4      | Found a hide-covered altar of Uskayaw.
  3250 | D:5      | Entered Level 5 of the Dungeon
  3253 | D:5      | Found a shadowy altar of Dithmenos.
  3300 | D:5      | Found Seskonee's Book Shop.
  3593 | D:5      | Found Xuto's Assorted Antiques.
  3890 | D:4      | Splashed by a jelly's acid

Skill      XL: |  1  2  3  4  5  6  7 |
---------------+----------------------+-----
Crossbows      | 5 6 7 |  7.2
Dodging        | 3 5 6 7 |  7.4
Fighting       | |  2.1
Stealth        | |  1.3

Action                   |  1- 3 |  4- 6 |  7- 9 || total
-------------------------+-------+-------+-------++-------
Melee: Short sword       |     7 |     9 |    33 ||    49
 Fire: Hand crossbow     |    42 |    89 |    34 ||   165
  Use: Scroll            |       |     9 |     4 ||    13
       Potion            |       |       |     1 ||     1
  Eat: Chunk             |       |     5 |     2 ||     7
Armor: Leather armour    |     1 |     3 |    13 ||    17
Dodge: Dodged            |     7 |    33 |    69 ||   109
